[Event "Titled Tuesday Blitz December 06 Early 2022"]
[White "Caruana, Fabiano"]
[Black "Tologon tegin, Semetei"]
[WhiteFideId "2020009"]
[BlackFideId "13800574"]
[WhiteElo "2847"]
[BlackElo "2264"]
[Result "1/2-1/2"]
[Round "01"]
[TimeControl "180+1"]
[Date "2022.12.06"]
[WhiteClock "0:00:11"]
[BlackClock "0:00:15"]

1. d4 Nf6 2. Nf3 e6 3. g3 b6 4. Bg2 Bb7 5. O-O c5 6. c4 cxd4 7. Qxd4 Nc6 8. Qd2 Be7 9. b3 O-O 10. Bb2 d6 11. Nc3 a6 12. Rad1 Qc7 13. e4 Rfd8 14. Qe2 Rab8 15. h3 Ba8 16. Rc1 Ne5 17. Nd4 Nc6 18. Nxc6 Bxc6 19. Nd5 Qb7 20. Nxe7+ Qxe7 21. Bxf6 gxf6 22. Kh2 Kh8 23. Rfd1 b5 24. cxb5 Bxb5 25. Qh5 Rbc8 26. a4 Be8 27. Qh6 Kg8 28. Rxc8 Rxc8 29. Rd4 Rc5 30. b4 Rc2 31. e5 f5 32. exd6 Qd8 33. Qe3 Bxa4 34. d7 Bc6 35. Bxc6 Rxc6 36. Qd3 Rc7 37. Rd6 Kg7 38. Qd4+ Kg6 39. g4 fxg4 40. Qxg4+ Kh6 41. Qd1 Kg6 42. Qd4 Kh6 43. Qd3 Kg7 44. Qg3+ Kf8 45. Qd3 Kg7 46. Qd4+ Kg6 47. Qd3+ Kg7 1/2-1/2


[Site "https://www.chess.com"]

[Event "Titled Tuesday Blitz December 06 Early 2022"]
[White "Chernov, Mikhail"]
[Black "Pakleza, Zbigniew"]
[WhiteFideId "24143170"]
[BlackFideId "1119290"]
[WhiteElo "2113"]
[BlackElo "2410"]
[Result "0-1"]
[Round "01"]
[TimeControl "180+1"]
[Date "2022.12.07"]
[WhiteClock "0:00:23"]
[BlackClock "0:01:22"]

1. e4 d6 2. d4 Nf6 3. Nc3 c6 4. f4 Qb6 5. e5 Nd5 6. Nxd5 cxd5 7. Nf3 Nc6 8. c3 Bf5 9. Be2 e6 10. O-O Be7 11. Kh1 h6 12. b4 Rc8 13. Bd2 O-O 14. a4 a5 15. b5 Nb8 16. Qb3 Nd7 17. Rfc1 Be4 18. Be3 Bxf3 19. Bxf3 dxe5 20. fxe5 Nxe5 21. Bxh6 Nxf3 22. gxf3 gxh6 23. Rg1+ Kh8 24. Qb1 Rg8 0-1


[Site "https://www.chess.com"]

[Event "Titled Tuesday Blitz December 06 Early 2022"]
[White "Colas, Joshua"]
[Black "Lakshmi C"]
[WhiteFideId "2044447"]
[BlackFideId "25035347"]
[WhiteElo "2347"]
[BlackElo "1942"]
[Result "1-0"]
[Round "01"]
[TimeControl "180+1"]
[Date "2022.12.07"]
[WhiteClock "0:00:03"]
[BlackClock "0:00:01"]

1. c4 Nf6 2. Nf3 e6 3. g3 Be7 4. Bg2 O-O 5. O-O d5 6. b3 b6 7. Bb2 Bb7 8. cxd5 Nxd5 9. Na3 c5 10. Nc4 Nc6 11. Nfe5 Nxe5 12. Bxe5 b5 13. Ne3 Qb6 14. Nxd5 exd5 15. d4 f6 16. dxc5 Bxc5 17. Bxd5+ Kh8 18. Bxb7 Qxb7 19. Bb2 Rfd8 20. Qc2 Rac8 21. Qf5 Bb4 22. Rfd1 Bd2 23. Bxf6 gxf6 24. Qxf6+ Qg7 25. Qf5 Rf8 26. Qxb5 Bc3 27. Rac1 Bd4 28. e3 Bb6 29. Qa6 Qf6 30. Qe2 Rce8 31. Rc4 Qe5 32. Rd3 Qe6 33. Qb2+ Rf6 34. Rf4 Rf8 35. Rc4 Kg8 36. f4 Qg4 37. Kg2 Qf5 38. e4 Qe6 39. e5 Rf5 40. Qe2 Qe7 41. Qc2 Qg7 42. Rf3 Qg6 43. Qe4 Qg7 44. Qd5+ Qf7 45. Qe4 Qd7 46. e6 Qd2+ 47. Kf1 Qd1+ 48. Kg2 Qg1+ 49. Kh3 Rh5+ 50. Kg4 Qxh2 51. Rf1 Qh3+ 52. Kf3 Rh6 53. Qe2 Qh5+ 54. g4 Qh3+ 55. Ke4 Qh4 56. f5 Qg5 57. Qf3 Rh3 58. Qxh3 Re8 59. Qd3 Qf6 60. Qc3 Qg5 61. Kf3 1-0


[Site "https://www.chess.com"]

[Event "Titled Tuesday Blitz December 06 Early 2022"]
[White "Concio, Michael Jr."]
[Black "Bochnicka, Vladimir"]
[WhiteFideId "5217873"]
[BlackFideId "14943450"]
[WhiteElo "2263"]
[BlackElo "2239"]
[Result "0-1"]
[Round "01"]
[TimeControl "180+1"]
[Date "2022.12.07"]
[WhiteClock "0:00:08"]
[BlackClock "0:00:03"]

1. e4 c5 2. Nf3 Nc6 3. d4 cxd4 4. Nxd4 Nf6 5. Nc3 e5 6. Nb3 Bb4 7. Bd3 O-O 8. O-O Bxc3 9. bxc3 d6 10. h3 Be6 11. Be3 h6 12. Qe2 Rc8 13. Rfd1 Qe7 14. f4 exf4 15. Bxf4 Rfd8 16. Nd4 Ne5 17. Qd2 Bc4 18. Nf5 Qf8 19. Rf1 Ng6 20. Bxc4 Rxc4 21. Nxh6+ gxh6 22. Bxh6 Nxe4 23. Qd3 Qxh6 24. Qxc4 Qe3+ 25. Kh2 Qg3+ 26. Kg1 Qe3+ 27. Kh2 Ne5 28. Qd4 Qg3+ 29. Kg1 Ng5 30. Kh1 Kg7 31. Rae1 Rh8 32. Re3 Qh4 33. Qxh4 Rxh4 34. Rf5 f6 35. Kg1 Ra4 36. Rf1 Rxa2 37. Rd1 Kg6 38. Rxd6 Nc4 39. Red3 Nxd6 40. Rxd6 Rxc2 41. Rd7 Rxc3 42. Rxb7 a5 43. Ra7 Rc5 44. h4 Ne4 45. g4 Nc3 46. Kg2 a4 47. Kg3 Rc4 48. h5+ Kh6 49. Ra5 Ne4+ 50. Kf3 Nd2+ 51. Kg3 Nb3 52. Ra6 Kg5 53. Ra8 Rc3+ 54. Kf2 Nc5 55. Rg8+ Kf4 56. h6 Rc2+ 57. Ke1 Ke3 58. Kd1 Rh2 59. Re8+ Kd3 60. Rd8+ Kc3 61. Rc8 Kd3 62. Rd8+ Kc4 63. Rh8 a3 64. h7 a2 65. Ra8 Rxh7 66. g5 a1=Q+ 67. Rxa1 Rh1+ 68. Ke2 Rxa1 69. gxf6 Ne6 70. Ke3 Ra7 71. Ke4 Rf7 72. Ke5 Nc7 73. Kf5 Kd5 74. Kg6 Ke6 0-1


[Site "https://www.chess.com"]

[Event "Titled Tuesday Blitz December 06 Early 2022"]
[White "Cramling Bellon, Anna"]
[Black "Araujo Sanchez, Josue"]
[WhiteFideId "32009232"]
[BlackFideId "6416896"]
[WhiteElo "1972"]
[BlackElo "2370"]
[Result "0-1"]
[Round "01"]
[TimeControl "180+1"]
[Date "2022.12.07"]
[WhiteClock "0:00:01"]
[BlackClock "0:00:04"]

1. d4 d5 2. c4 dxc4 3. Nc3 Nf6 4. e3 e5 5. Bxc4 Nc6 6. Nf3 exd4 7. exd4 Bd6 8. O-O O-O 9. Bg5 h6 10. Bh4 Bg4 11. Ne4 g5 12. Nxd6 Qxd6 13. Bg3 Qd7 14. d5 Ne7 15. Ne5 Qf5 16. Nxg4 Qxg4 17. Qxg4 Nxg4 18. Bxc7 Rac8 19. d6 Nc6 20. Rad1 Nge5 21. Bb3 Nd7 22. Rfe1 Rfe8 23. h3 Kf8 24. Re3 Rxe3 25. fxe3 Re8 26. Rf1 Nde5 27. d7 Ra8 28. Bd6+ Kg7 29. Rf5 f6 30. Bc7 Nxd7 31. Rd5 Nde5 32. Bxe5 Nxe5 33. Rb5 b6 34. Rd5 Rc8 35. Kf2 Rc7 36. Kg3 Kf8 0-1


[Site "https://www.chess.com"]

[Event "Titled Tuesday Blitz December 06 Early 2022"]
[White "Csonka, Balazs"]
[Black "Lorenzo De La Riva, Lazaro"]
[WhiteFideId "742910"]
[BlackFideId "2268809"]
[WhiteElo "2404"]
[BlackElo "2294"]
[Result "1-0"]
[Round "01"]
[TimeControl "180+1"]
[Date "2022.12.07"]
[WhiteClock "0:00:08"]
[BlackClock "0:00:26"]

1. Nf3 Nf6 2. g3 e5 3. Bg2 e4 4. Nd4 Nc6 5. Nxc6 dxc6 6. O-O Bc5 7. Nc3 Bf5 8. d3 Qe7 9. Bg5 O-O-O 10. Bxf6 Qxf6 11. Bxe4 Bxe4 12. Nxe4 Qe7 13. Nxc5 Qxc5 14. e3 h5 15. Qf3 f6 16. d4 Qxc2 17. b4 h4 18. Rfc1 Qg6 19. Rab1 hxg3 20. hxg3 Rd5 21. Kg2 Rdh5 22. Rh1 Rxh1 23. Rxh1 Rxh1 24. Kxh1 Kd7 25. Kg2 Qg5 26. e4 g6 27. a4 a6 28. Qd3 f5 29. d5 fxe4 30. dxc6+ Kxc6 31. Qxe4+ Qd5 32. Kf3 Qxe4+ 33. Kxe4 b5 34. a5 Kd6 35. Kd4 g5 36. f4 g4 37. f5 Ke7 38. Kc5 Kf6 39. Kc6 Kxf5 40. Kxc7 Ke4 41. Kb6 Kf3 42. Kxa6 Kxg3 43. Kxb5 Kf4 44. a6 g3 45. a7 g2 46. a8=Q g1=Q 47. Qf8+ Ke5 48. Qc5+ 1-0


[Site "https://www.chess.com"]

[Event "Titled Tuesday Blitz December 06 Early 2022"]
[White "Daneshvar, Bardiya"]
[Black "Erzhanov, Arman"]
[WhiteFideId "12576468"]
[BlackFideId "4138821"]
[WhiteElo "2429"]
[BlackElo "2176"]
[Result "0-1"]
[Round "01"]
[TimeControl "180+1"]
[Date "2022.12.07"]
[WhiteClock "0:00:24"]
[BlackClock "0:00:14"]

1. d4 d6 2. Nf3 g6 3. b3 Bg7 4. Bb2 c5 5. e3 Nc6 6. Be2 Nh6 7. O-O O-O 8. Na3 cxd4 9. Nxd4 Bd7 10. Nxc6 Bxc6 11. Bxg7 Kxg7 12. c4 Nf5 13. Nc2 Qa5 14. Qe1 Qxe1 15. Rfxe1 Rfd8 16. Bf1 a5 17. e4 Nh6 18. f3 Ng8 19. Kf2 Nf6 20. Nd4 Nd7 21. Ke3 Nc5 22. Kd2 e5 23. Nc2 Ne6 24. Kc3 Rab8 25. a4 Nc5 26. Red1 Ra8 27. Ne3 Ra6 28. Nd5 Bxd5 29. cxd5 Raa8 30. b4 axb4+ 31. Kxb4 h5 32. a5 Rf8 33. Bd3 Rac8 34. Ra2 f5 35. exf5 gxf5 36. Kb5 Kf6 37. Kb6 Nd7+ 38. Kb5 Rc5+ 39. Kb4 Rxd5 40. Rdd2 Ke7 41. Bc4 Rxd2 42. Rxd2 Rc8 43. Bd5 Rc1 44. Rb2 Nc5 45. Rd2 Rb1+ 46. Kc4 Nd7 47. h4 Nc5 48. g3 Rg1 49. Kb5 Rxg3 50. Kb6 Rg1 51. Rb2 Na4+ 52. Kxb7 Nxb2 53. a6 Rb1 54. a7 Na4+ 55. Ka6 Nb6 56. Bc6 Kd8 57. Kb7 Rb2 58. f4 e4 59. Ka6 e3 60. Bf3 Kc7 61. Ka5 Ra2+ 62. Kb5 Rxa7 63. Kb4 Ra2 64. Kc3 e2 65. Bxe2 Rxe2 66. Kd3 Rf2 67. Kd4 Rh2 68. Ke3 Rxh4 69. Kf3 Rh3+ 70. Kg2 Rb3 71. Kh2 Nd5 72. Kg2 Nxf4+ 73. Kh2 d5 74. Kg1 d4 75. Kf2 d3 76. Ke3 Rb2 77. Kd4 d2 78. Kc3 d1=Q 79. Kc4 Qc1+ 80. Kd4 Rd2+ 81. Ke3 Qe1+ 82. Kf3 Rf2+ 83. Kg3 Qg1+ 84. Kh4 Rh2# 0-1


[Site "https://www.chess.com"]

[Event "Titled Tuesday Blitz December 06 Early 2022"]
[White "Devaev, Alexander"]
[Black "Xu, Yi"]
[WhiteFideId "4169395"]
[BlackFideId "8605564"]
[WhiteElo "2225"]
[BlackElo "2471"]
[Result "0-1"]
[Round "01"]
[TimeControl "180+1"]
[Date "2022.12.07"]
[WhiteClock "0:01:03"]
[BlackClock "0:00:33"]

1. d4 Nf6 2. c4 e6 3. Nf3 d5 4. Nc3 Bb4 5. Bg5 h6 6. Bxf6 Qxf6 7. Qb3 c5 8. e3 O-O 9. a3 Bxc3+ 10. bxc3 dxc4 11. Bxc4 Nc6 12. O-O Na5 13. Qa2 Nxc4 14. Qxc4 cxd4 15. cxd4 b6 16. Qc7 Ba6 17. Rfc1 Rfc8 18. Qe5 Qe7 19. a4 Bb7 20. h3 Qb4 21. Rxc8+ Rxc8 22. a5 b5 23. a6 Bxf3 24. gxf3 Qb2 25. Ra5 b4 26. Rb5 b3 27. Rb8 Qc1+ 28. Kg2 b2 29. Rxc8+ Qxc8 30. Qb5 Qc1 0-1


[Site "https://www.chess.com"]

[Event "Titled Tuesday Blitz December 06 Early 2022"]
[White "Dimitrov, Atanas"]
[Black "Matveeva, Olga"]
[WhiteFideId "2901315"]
[BlackFideId "24107018"]
[WhiteElo "2626"]
[BlackElo "2056"]
[Result "0-1"]
[Round "01"]
[TimeControl "180+1"]
[Date "2022.12.07"]
[WhiteClock "0:01:10"]
[BlackClock "0:01:16"]

1. Nf3 d5 2. e3 Nf6 3. c4 e6 4. Nc3 Be7 5. b3 O-O 6. Bb2 c5 7. cxd5 Nxd5 8. Be2 Nc6 9. O-O b6 10. Rc1 Bb7 11. d3 Rc8 12. Qd2 Bf6 13. Rfd1 Nxc3 14. Bxc3 Bxc3 15. Rxc3 Qf6 16. a3 Rfd8 17. Qc2 h6 18. Nd2 Ne5 19. g3 Qg6 20. f4 Ng4 21. Nf1 h5 22. h3 Nxe3 23. Kf2 Nxc2 0-1


[Site "https://www.chess.com"]

[Event "Titled Tuesday Blitz December 06 Early 2022"]
[White "Donskov, Anatoly"]
[Black "Kazakouski, Valery"]
[WhiteFideId "24143413"]
[BlackFideId "13507443"]
[WhiteElo "2219"]
[BlackElo "2516"]
[Result "0-1"]
[Round "01"]
[TimeControl "180+1"]
[Date "2022.12.07"]
[WhiteClock "0:00:02"]
[BlackClock "0:00:08"]

1. e4 e5 2. Nf3 Nc6 3. Bb5 a6 4. Ba4 Nf6 5. Qe2 Be7 6. c3 b5 7. Bb3 d5 8. d3 O-O 9. O-O Be6 10. Rd1 h6 11. Nbd2 Re8 12. Nf1 Bf8 13. Ng3 Qd7 14. h3 Rad8 15. Be3 g6 16. a4 Bg7 17. axb5 axb5 18. Nh2 d4 19. Bxe6 Rxe6 20. cxd4 Nxd4 21. Bxd4 Qxd4 22. Nf3 Qb4 23. Rac1 c5 24. Qe3 Nd7 25. Rc2 Ra6 26. Rdc1 Ra2 27. Qe2 Rc8 28. Nf1 Nb6 29. Ne3 h5 30. Qd2 Qxd2 31. Nxd2 Bf8 32. Nb3 Na4 33. Nd5 Rxb2 34. Rxb2 Nxb2 35. Nb6 Rc7 36. Nd5 Rc6 37. Rc3 Kg7 38. Kf1 Na4 39. Rc2 c4 40. dxc4 Rxc4 41. Rxc4 bxc4 42. Nc1 Bc5 43. Ke2 Nb6 44. Nc3 Kf6 45. f3 h4 46. Kd2 Kg5 47. N1e2 f5 48. Kc2 Bb4 49. Kb2 Bc5 50. Kc2 Nd7 51. Na4 Bb4 52. Nac3 Nf8 53. Nd5 Ba5 54. Kc1 Ne6 55. Kc2 Nc5 56. Ne7 fxe4 57. Nc6 Be1 58. fxe4 Kf6 59. Nc3 Bxc3 60. Kxc3 Nxe4+ 61. Kxc4 Ke6 62. Nb4 Nf6 63. Kd3 Kf5 64. Ke3 Nh5 65. Kf3 Nf4 66. Nc2 e4+ 67. Kf2 Nd5 68. Nd4+ Ke5 69. Nc6+ Kf4 70. Nd4 e3+ 71. Ke2 Kg3 72. Ne6 Kxg2 73. Nf8 g5 74. Ne6 Nf4+ 0-1


[Site "https://www.chess.com"]

[Event "Titled Tuesday Blitz December 06 Early 2022"]
[White "Drygalov, Sergey"]
[Black "Franca, Ricardo Bedin"]
[WhiteFideId "24171743"]
[BlackFideId "2107066"]
[WhiteElo "2533"]
[BlackElo "2486"]
[Result "1/2-1/2"]
[Round "01"]
[TimeControl "180+1"]
[Date "2022.12.06"]
[WhiteClock "0:00:14"]
[BlackClock "0:00:06"]

1. d4 Nf6 2. c4 c5 3. d5 e6 4. Nc3 exd5 5. cxd5 d6 6. e4 g6 7. Nf3 a6 8. a4 Bg4 9. Qb3 Bxf3 10. gxf3 Nbd7 11. Qxb7 Bg7 12. Qc6 O-O 13. Qxd6 Nh5 14. Bh3 Qa5 15. Bxd7 Bxc3+ 16. Kf1 Bd4 17. Bg4 Rad8 18. Qc6 Nf6 19. Bg5 Nxg4 20. fxg4 Rde8 21. Re1 f5 22. gxf5 Qb4 23. d6 Qxb2 24. Re2 Qc3 25. Kg2 gxf5 26. Rg1 Rxe4 27. Be3 Rg4+ 28. Kh1 Rxg1+ 29. Kxg1 Bxe3 30. Rxe3 Qc1+ 31. Kg2 f4 32. Qd5+ Kg7 33. Qg5+ Kh8 34. Qe5+ Kg8 35. Rf3 Qd2 36. Qe6+ Kh8 37. Qe5+ Kg8 38. Qe6+ Kh8 39. Qe5+ Kg8 1/2-1/2


[Site "https://www.chess.com"]

[Event "Titled Tuesday Blitz December 06 Early 2022"]
[White "Dudzinski, Pawel"]
[Black "Sipila, Vilka"]
[WhiteFideId "1117890"]
[BlackFideId "505455"]
[WhiteElo "2099"]
[BlackElo "2348"]
[Result "0-1"]
[Round "01"]
[TimeControl "180+1"]
[Date "2022.12.07"]
[WhiteClock "0:01:22"]
[BlackClock "0:01:51"]

1. e4 d6 2. Nc3 Nf6 3. g3 g6 4. Bg2 Bg7 5. Nge2 O-O 6. h3 c5 7. d4 cxd4 8. Nxd4 Nc6 9. Be3 Bd7 10. O-O Nxd4 11. Bxd4 Qc8 12. Kh2 Qc4 13. Ne2 Rac8 14. c3 Bc6 15. f3 a5 16. b3 Qa6 17. c4 Rfd8 18. a4 e6 19. f4 e5 20. Bb2 Bxe4 21. Bxe4 Nxe4 22. f5 d5 23. cxd5 Rc5 24. Qd3 Qxd3 0-1


[Site "https://www.chess.com"]

[Event "Titled Tuesday Blitz December 06 Early 2022"]
[White "Dzhaparov, Medet"]
[Black "Golubev, Mikhail"]
[WhiteFideId "13803689"]
[BlackFideId "14100983"]
[WhiteElo "1702"]
[BlackElo "2374"]
[Result "0-1"]
[Round "01"]
[TimeControl "180+1"]
[Date "2022.12.07"]
[WhiteClock "0:00:17"]
[BlackClock "0:01:15"]

1. e4 c5 2. Nf3 d6 3. d4 cxd4 4. Nxd4 Nf6 5. Nc3 Nc6 6. Bb5 Bd7 7. O-O g6 8. Re1 Bg7 9. Be3 O-O 10. Qd2 Ng4 11. Nf3 Nxe3 12. Qxe3 a6 13. Bxc6 Bxc6 14. Rad1 Qa5 15. a3 Bxc3 16. Qxc3 Qxc3 17. bxc3 Rac8 18. Rb1 Rc7 19. Rb4 Rfc8 20. Reb1 a5 21. Rc4 b5 22. Rd4 Be8 23. Rb3 Rxc3 24. Ne1 Rxb3 25. cxb3 Rc1 26. Kf1 b4 27. a4 f6 28. Ke2 Bf7 29. Rd3 Rb1 30. Nf3 Bxb3 31. Nd4 Bc4 0-1


[Site "https://www.chess.com"]

[Event "Titled Tuesday Blitz December 06 Early 2022"]
[White "Estrada Nieto, Julian"]
[Black "Korobov, Anton"]
[WhiteFideId "5101018"]
[BlackFideId "14105730"]
[WhiteElo "2195"]
[BlackElo "2635"]
[Result "1-0"]
[Round "01"]
[TimeControl "180+1"]
[Date "2022.12.06"]
[WhiteClock "0:00:28"]
[BlackClock "0:01:16"]

1. e4 c5 2. Nf3 Nc6 3. Bb5 e6 4. O-O Nge7 5. Re1 Qb6 6. Na3 a6 7. Nc4 Qc7 8. Bxc6 Nxc6 9. a4 b6 10. e5 Bb7 11. d3 Be7 12. Bg5 f6 13. Bf4 fxe5 14. Nfxe5 O-O 15. Qg4 Rxf4 16. Qxf4 Rf8 17. Qg3 Nd4 18. Ng6 Qxg3 19. Nxe7+ Kf7 20. hxg3 Kxe7 21. Ne3 Bc6 22. c3 Nf5 23. Nxf5+ Rxf5 24. a5 b5 25. f4 g5 26. Re5 Kf6 27. Rxf5+ Kxf5 28. Rf1 b4 29. fxg5+ Kxg5 30. cxb4 cxb4 31. Rc1 Bb5 32. Rc5+ 1-0


[Site "https://www.chess.com"]

[Event "Titled Tuesday Blitz December 06 Early 2022"]
[White "Farmani Anosheh, Armin"]
[Black "Maksimovic, Bojan"]
[WhiteFideId "24613240"]
[BlackFideId "14408120"]
[WhiteElo "2289"]
[BlackElo "2462"]
[Result "0-1"]
[Round "01"]
[TimeControl "180+1"]
[Date "2022.12.07"]
[WhiteClock "0:00:01"]
[BlackClock "0:00:08"]

1. e4 g6 2. d4 Bg7 3. c4 d6 4. Nc3 Nf6 5. f3 O-O 6. Nge2 Nbd7 7. Be3 e5 8. Qd2 c6 9. d5 cxd5 10. cxd5 a6 11. Nc1 b5 12. b4 Nb6 13. Nb3 Bd7 14. Na5 Rc8 15. Rc1 Nh5 16. Qf2 Nc4 17. Bxc4 bxc4 18. O-O Nf4 19. Qd2 Nd3 20. Rb1 Qc7 21. Rfd1 f5 22. Bg5 Nxb4 23. Rxb4 Qc5+ 24. Kh1 Qxb4 25. Nc6 Qa3 26. Ne7+ Kh8 27. Nxc8 Rxc8 28. Be7 Re8 29. Bh4 Rb8 30. h3 Rb2 31. Qc1 Qb4 32. Be1 Qb6 33. Rd2 Rxd2 34. Bxd2 h5 35. Kh2 Kh7 36. Bg5 Qd4 37. Be7 Bh6 38. Qc2 Bf4+ 39. g3 Bd2 40. Nd1 c3 41. Bxd6 Ba4 42. Bxe5 Bxc2 43. Bxd4 Bxd1 44. d6 Ba4 45. exf5 c2 0-1


[Site "https://www.chess.com"]

[Event "Titled Tuesday Blitz December 06 Early 2022"]
[White "Fecker, Noah"]
[Black "Durarbayli, Vasif"]
[WhiteFideId "1334263"]
[BlackFideId "13402935"]
[WhiteElo "2291"]
[BlackElo "2576"]
[Result "0-1"]
[Round "01"]
[TimeControl "180+1"]
[Date "2022.12.06"]
[WhiteClock "0:00:09"]
[BlackClock "0:00:27"]

1. e4 c5 2. Nf3 d6 3. Nc3 Nf6 4. g3 e5 5. Bg2 Be7 6. O-O O-O 7. d3 h6 8. a4 Be6 9. a5 Nc6 10. a6 b6 11. Nd2 Nd4 12. Nc4 b5 13. Ne3 b4 14. Ne2 Qb6 15. f4 Rfd8 16. f5 Bc8 17. Nc4 Qb5 18. Ra5 Qc6 19. Nxd4 cxd4 20. Bd2 Rb8 21. Qa1 Nd7 22. b3 Nc5 23. Qc1 Bf6 24. g4 Bxa6 25. g5 hxg5 26. Bxg5 Kf8 27. Bxf6 gxf6 28. Rf3 Bxc4 29. bxc4 a6 30. Rg3 Ke7 31. Rg7 Rg8 32. Qh6 Rxg7 33. Qxg7 b3 34. cxb3 Rxb3 35. Ra2 Rb1+ 36. Kf2 Nxd3+ 37. Kg3 Nf4 38. Qh8 Rb3+ 39. Kg4 Nxg2 0-1


[Site "https://www.chess.com"]

[Event "Titled Tuesday Blitz December 06 Early 2022"]
[White "Fernandez Hernandez, Gerardo"]
[Black "Martinez Reyes, Pedro Ramon"]
[WhiteFideId "2207400"]
[BlackFideId "3901807"]
[WhiteElo "2192"]
[BlackElo "2354"]
[Result "1-0"]
[Round "01"]
[TimeControl "180+1"]
[Date "2022.12.07"]
[WhiteClock "0:00:06"]
[BlackClock "0:00:50"]

1. e4 c5 2. d3 Nc6 3. g3 h5 4. Nf3 d6 5. Bg2 Bg4 6. h3 Bxf3 7. Qxf3 h4 8. g4 e5 9. c3 Be7 10. Nd2 Bg5 11. Nc4 Bxc1 12. Rxc1 Nge7 13. O-O Ng6 14. Ne3 Nf4 15. Nd5 Nxd5 16. exd5 Ne7 17. d4 cxd4 18. cxd4 Ng6 19. Rfe1 O-O 20. Qf5 exd4 21. Be4 Rc8 22. Rxc8 Qxc8 23. Qxc8 Rxc8 24. Bxg6 fxg6 25. Rd1 Rc2 26. Rxd4 Rxb2 27. Ra4 a6 28. Kg2 Kf7 29. Kf3 Kf6 30. Re4 Rxa2 31. Re6+ Kf7 32. Rxd6 Ra3+ 33. Ke4 b5 34. Rb6 Ra2 35. Ke5 Re2+ 36. Kd6 Rxf2 37. Rb7+ Kf6 38. Kc6 Rc2+ 39. Kd7 Ke5 40. d6 Rd2 41. Rb6 b4 42. Ke7 b3 43. d7 a5 44. Rxb3 a4 45. Ra3 Kf4 46. Rxa4+ Kg3 47. Ra3+ Kg2 48. d8=Q Re2+ 49. Kf7 Rf2+ 50. Kxg6 1-0


[Site "https://www.chess.com"]

[Event "Titled Tuesday Blitz December 06 Early 2022"]
[White "Firouzja, Alireza"]
[Black "Shuvalov, Evgenij"]
[WhiteFideId "12573981"]
[BlackFideId "4187237"]
[WhiteElo "2904"]
[BlackElo "2049"]
[Result "1-0"]
[Round "01"]
[TimeControl "180+1"]
[Date "2022.12.06"]
[WhiteClock "0:01:09"]
[BlackClock "0:00:06"]

1. d4 Nf6 2. Nc3 e6 3. e4 d5 4. e5 Nfd7 5. f4 c5 6. Nf3 Nc6 7. Be3 cxd4 8. Nxd4 Qb6 9. a3 Bc5 10. Na4 Qa5+ 11. b4 Qxa4 12. bxc5 Nxc5 13. Nb5 Qa5+ 14. Bd2 Qd8 15. Nd6+ Kf8 16. Be2 h5 17. O-O g6 18. Be3 b6 19. c4 dxc4 20. Bf3 Qc7 21. Nb5 Qd7 22. Qe1 Bb7 23. Nd6 Kg7 24. Qh4 Qd8 25. Qf6+ Qxf6 26. exf6+ Kxf6 27. Nxb7 Nxb7 28. Bxc6 Rab8 29. Bd4+ Ke7 30. Bxh8 Na5 31. Be5 Nxc6 32. Bxb8 Nxb8 33. Rfc1 b5 34. a4 a6 35. axb5 axb5 36. Rab1 Nc6 37. Rxb5 Nd4 38. Rb7+ Kf6 39. Rxc4 Nf5 40. Rcc7 Nd6 41. Ra7 Kf5 42. Rxf7+ Ke4 43. Rf6 Nf5 44. Rxe6+ Kxf4 45. Rxg6 h4 46. Rf7 Ke5 47. Rg5 1-0


[Site "https://www.chess.com"]

[Event "Titled Tuesday Blitz December 06 Early 2022"]
[White "Flis, Pawel"]
[Black "Manukyan, Sargis A."]
[WhiteFideId "1112864"]
[BlackFideId "13303970"]
[WhiteElo "1817"]
[BlackElo "2187"]
[Result "0-1"]
[Round "01"]
[TimeControl "180+1"]
[Date "2022.12.07"]
[WhiteClock "0:00:05"]
[BlackClock "0:00:11"]

1. e4 e6 2. d4 d5 3. Nd2 Nc6 4. Ngf3 Nf6 5. e5 Nd7 6. Bd3 Nb4 7. Be2 c5 8. c3 Nc6 9. Bd3 Be7 10. O-O g5 11. dxc5 g4 12. Nd4 Ndxe5 13. Nxc6 bxc6 14. Be2 h5 15. b4 Ng6 16. Nb3 e5 17. Re1 Be6 18. Na5 Qd7 19. Qa4 Rc8 20. b5 Bxc5 21. Nxc6 O-O 22. Ba3 Bxa3 23. Qxa3 Rxc6 24. bxc6 Qxc6 25. Qxa7 Qxc3 26. Rac1 Qb2 27. a4 Nf4 28. Bf1 d4 29. Qc7 f6 30. Bc4 Bf7 31. Bxf7+ Rxf7 32. Qc2 Qb4 33. Rb1 Qa5 34. Qc4 Kg7 35. Qb5 Qd2 36. Red1 Qc2 37. a5 Qe4 38. Qf1 h4 39. a6 h3 0-1


[Site "https://www.chess.com"]

[Event "Titled Tuesday Blitz December 06 Early 2022"]
[White "Gabuzyan, Hovhannes"]
[Black "Omariev, Maksim"]
[WhiteFideId "13303732"]
[BlackFideId "4193423"]
[WhiteElo "2486"]
[BlackElo "2445"]
[Result "1-0"]
[Round "01"]
[TimeControl "180+1"]
[Date "2022.12.07"]
[WhiteClock "0:02:50"]
[BlackClock "0:00:56"]

1. e4 c5 2. Nc3 d6 3. f4 Nc6 4. Nf3 g6 5. Bc4 Bg7 6. O-O e6 7. d4 Nxd4 8. Be3 Nxf3+ 9. Qxf3 Ne7 10. f5 gxf5 11. exf5 Nxf5 12. g4 O-O 13. gxf5 d5 14. f6 Bxf6 15. Qxf6 Qxf6 16. Rxf6 dxc4 17. Raf1 b6 18. Bh6 1-0


[Site "https://www.chess.com"]

[Event "Titled Tuesday Blitz December 06 Early 2022"]
[White "Galchenko, Matvey"]
[Black "Peatman, Carter"]
[WhiteFideId "24175480"]
[BlackFideId "2096480"]
[WhiteElo "2404"]
[BlackElo "2476"]
[Result "1-0"]
[Round "01"]
[TimeControl "180+1"]
[Date "2022.12.07"]
[WhiteClock "0:00:38"]
[BlackClock "0:00:02"]

1. f4 d5 2. Nf3 g6 3. g3 Bg7 4. Bg2 c5 5. O-O Nc6 6. d3 Nf6 7. Nc3 O-O 8. e4 Re8 9. e5 Nh5 10. d4 cxd4 11. Nxd4 Bf8 12. Be3 e6 13. Qd2 Ng7 14. Rad1 Nf5 15. Nxf5 gxf5 16. Ne2 Qa5 17. a3 Bd7 18. c4 Qxd2 19. Rxd2 Ne7 20. Nc3 Bc6 21. cxd5 exd5 22. Nxd5 Nxd5 23. Bxd5 Rec8 24. Rfd1 Be7 25. Bxc6 Rxc6 26. Rd7 Kf8 27. Rxb7 Rac8 28. Bxa7 R8c7 29. Rxc7 Rxc7 30. Bd4 Rc2 31. Bc3 Bxa3 32. Rd2 Rc1+ 33. Kg2 Bc5 34. Rd5 Rg1+ 35. Kh3 Bf2 36. Rd2 Be3 37. Rd8+ Ke7 38. Rd3 Bc5 39. Rd5 Bf2 40. Ra5 Be3 41. Ra8 h5 42. Rh8 h4 43. Rxh4 Rh1 44. Kg2 Rg1+ 45. Kf3 Bc5 46. Rh7 Rf1+ 47. Ke2 Rf2+ 48. Kd3 Bb6 49. b4 Rf3+ 50. Kc4 Rf2 51. b5 Be3 52. Kd3 Bb6 53. Bb4+ Ke6 54. Rh6+ Kd5 55. Rd6# 1-0


[Site "https://www.chess.com"]

[Event "Titled Tuesday Blitz December 06 Early 2022"]
[White "Garagulya, Konstantin"]
[Black "Madaminov, Mukhiddin"]
[WhiteFideId "4128931"]
[BlackFideId "14210703"]
[WhiteElo "2329"]
[BlackElo "2333"]
[Result "0-1"]
[Round "01"]
[TimeControl "180+1"]
[Date "2022.12.07"]
[WhiteClock "0:00:01"]
[BlackClock "0:00:34"]

1. d4 Nf6 2. Nf3 e6 3. Bg5 Be7 4. Nbd2 d5 5. e3 c5 6. dxc5 Bxc5 7. c4 h6 8. Bh4 Nc6 9. a3 O-O 10. Rc1 Qe7 11. cxd5 exd5 12. Bxf6 gxf6 13. Nb3 Bb6 14. Be2 Be6 15. O-O Rac8 16. Nbd4 Nxd4 17. Nxd4 Kg7 18. Qd3 Rc7 19. Bf3 Rfc8 20. Rxc7 Qxc7 21. Rd1 Qe5 22. g3 f5 23. Kg2 Rc4 24. Rd2 a5 25. Ne2 a4 26. Nf4 Ba5 27. Rc2 b5 28. h3 Bd8 29. Qd1 Bf6 30. Rd2 d4 31. exd4 Rxd4 32. Rxd4 Qxd4 33. Qe2 Bc4 34. Qe8 Qxb2 35. Nh5+ Kh7 36. Qc8 Be6 0-1


[Site "https://www.chess.com"]